 Dungeon Crawl Stone Soup version 0.24.0-28-g17ded55e90 (webtiles) character file.

Game seed: 4666378015250479191, levelgen mode: deterministic

765 Emblim88 the Skirmisher (level 7, -1/56 HPs)
             Began as a Merfolk Wanderer on Nov 13, 2019.
             Was an Initiate of Ru.
             Slain by an ice beast (14 damage)
             ... on level 4 of the Dungeon.
             The game lasted 00:14:52 (4139 turns).

Emblim88 the Skirmisher (Merfolk Wanderer)          Turns: 4139, Time: 00:14:56

Health: -1/56      AC:  8    Str: 15    XL:     7   Next: 81%
Magic:  10/10      EV: 11    Int: 11    God:    Ru [......]
Gold:   215        SH:  3    Dex: 16    Spells: 9/9 levels left

rFire    . . .     SeeInvis .   a - +2 hand crossbow
rCold    . . .     Gourm    .   v - +0 buckler
rNeg     . . .     Faith    .   C - +0 scale mail
rPois    .         Spirit   .   (no helmet)
rElec    .         Reflect  .   D - +1 cloak
rCorr    .         Harm     .   (no gloves)
MR       .....                  (no boots)
Stlth    +.........             o - amulet of regeneration
HPRegen  0.58/turn              e - +3 ring of strength
MPRegen  0.12/turn              (no ring)

@: no status effects
A: change form in water, swift swim, stealthy swim
a: Renounce Religion


You were on level 4 of the Dungeon.
You worshipped Ru.
Ru was noncommittal.
You were not hungry.

You visited 2 branches of the dungeon, and saw 6 of its levels.

You collected 215 gold pieces.

Inventory:

Hand Weapons
 a - a +2 hand crossbow (weapon)
 g - a +0 dagger
 l - a +0 short sword
Missiles
 b - 20 bolts (quivered)
 j - 41 sling bullets
 y - 2 throwing nets
Armour
 s - a +0 leather armour
 v - a +0 buckler (worn)
 C - a +0 scale mail (worn)
 D - a +1 cloak (worn)
Jewellery
 e - a +3 ring of strength (left hand)
 o - an amulet of regeneration (around neck)
Wands
 d - a wand of flame (24)
 r - a wand of enslavement (6)
 A - a wand of digging (5)
Scrolls
 h - 2 scrolls of magic mapping {unknown}
 m - 2 scrolls of remove curse
 n - 4 scrolls of enchant armour
 q - 4 scrolls of teleportation
 t - a scroll of noise
 x - a scroll of enchant weapon
 z - 2 scrolls of fog
Potions
 c - 2 potions of lignification
 i - a potion of cancellation
 k - a potion of resistance
 p - a potion of berserk rage
 u - a potion of heal wounds
 w - a potion of mutation
Comestibles
 f - 8 rations
 B - 7 chunks of flesh


   Skills:
 + Level 5.0 Fighting
 * Level 3.5 Crossbows
 - Level 1.0 Throwing
 - Level 1.0 Armour
 + Level 4.4 Dodging
 - Level 2.3 Stealth
 - Level 1.8 Spellcasting
   Level 1.0 Summonings
   Level 1.3 Transmutations
 * Level 4.1 Evocations


You had 9 spell levels left.
You didn't know any spells.
Your spell library contained the following spells:

 Spells                   Type           Power        Failure   Level  Hunger
 Corona                   Hex            #......      90%         1    ##.....
 Ensorcelled Hibernation  Hex/Ice        #.....       97%         2    ###....
 Confuse                  Hex            #.......     99%         3    ####...
 Dazzling Spray           Conj/Hex       #.....       99%         3    ####...
 Tukima's Dance           Hex            #.......     99%         3    ####...


Dungeon Overview and Level Annotations

Branches:
Dungeon (5/15)             Temple (1/1) D:4

Altars:
Ashenzari
Cheibriados
Dithmenos
Fedhas
Gozag
Hepliaklqana
Kikubaaqudgha
Okawaru
Qazlal
Ru
Sif Muna
Trog
Vehumet
Wu Jian
Xom
Zin
The Shining One


Message History

There is a stone staircase leading down here.
Firing (i - inventory. (/) - cycle)
b - 22 bolts (quivered)
Press: ? - help, Shift-Dir - straight line, f - ice beast
Aim: an ice beast (severely wounded)
You shoot a bolt. The bolt hits the ice beast!
The ice beast is almost dead.
The ice beast hits you. The ice beast freezes you!
* * * LOW HITPOINT WARNING * * *
The gnoll hits you but does no damage.
Firing (i - inventory. (/) - cycle)
b - 21 bolts (quivered)
Press: ? - help, Shift-Dir - straight line, f/p - ice beast
Aim: an ice beast (almost dead)
You shoot a bolt.
The bolt hits the ice beast but does no damage.
The ice beast is almost dead.
The ice beast closely misses you. The gnoll barely misses you.
The ice beast hits you.
* * * LOW HITPOINT WARNING * * *
The ice beast freezes you!
You die...

### #.........#
..# #.#######.#
#.## #.# #.#
#..#######.#####
#.#
#..............#
#.#
.....#####.###.#
#.# #...## #.# #.#
#.# ...##
#>###.###.# ##.#
#.....Y@g.# #.#
#####.##### ##'##
#.# #...## #.#
.....## ###.###
......## ##.#...#
.......####...##.#
.......'.......#.#
.......####...##.#


You could see an ice beast and a gnoll.

Vanquished Creatures
  Menkaure (D:4)
  Duvessa (D:5)
  An ogre (D:4)
  Dowan (D:5)
  A scorpion (D:4)
  A centaur skeleton (D:4)
  2 orc wizards (D:4)
  A worker ant (D:5)
  Jessica (D:3)
  An iguana (D:4)
  Ijyb (D:3)
  5 gnolls
  A howler monkey skeleton (D:4)
  3 adders
  An ooze (D:2)
  5 dart slugs
  A leopard gecko (D:2)
  5 orcs (D:4)
  3 ball pythons
  4 giant cockroaches
  8 goblins
  6 hobgoblins
  7 kobolds
  5 quokkas
  7 bats
  7 frilled lizards
  A quokka skeleton (D:4)
  5 rats
86 creatures vanquished.

Notes
Turn   | Place    | Note
-------+----------+-------------------------------------------
     0 | D:1      | Emblim88 the Merfolk Wanderer began the quest for the Orb.
     0 | D:1      | Emblim88 set off with the following items: a +2 hand
                  | crossbow, 26 bolts, 2 potions of lignification, a +0 robe,
                  | a ration
     0 | D:1      | Reached XP level 1. HP: 18/18 MP: 2/2
   204 | D:1      | Reached XP level 2. HP: 24/24 MP: 3/3
   235 | D:1      | Reached skill level 1 in Dodging
   450 | D:1      | Reached XP level 3. HP: 29/29 MP: 5/5
  1042 | D:2      | Found a snail-covered altar of Cheibriados.
  1300 | D:2      | Reached XP level 4. HP: 25/37 MP: 6/6
  2073 | D:3      | Found a faded altar of an unknown god.
  2253 | D:3      | Noticed Jessica
  2254 | D:3      | Killed Jessica
  2276 | D:3      | Reached skill level 1 in Evocations
  2276 | D:3      | Reached XP level 5. HP: 42/42 MP: 7/7
  2343 | D:3      | Noticed Ijyb
  2347 | D:3      | Killed Ijyb
  2347 | D:3      | Reached skill level 4 in Fighting
  2605 | D:4      | Found a staircase to the Ecumenical Temple.
  2613 | Temple   | Entered the Ecumenical Temple
  2741 | Temple   | Became a worshipper of Ru the Awakened
  2861 | D:4      | Noticed an ogre
  2926 | D:4      | Killed an ogre
  2926 | D:4      | Reached XP level 6. HP: 45/48 MP: 8/8
  3355 | D:4      | Reached XP level 7. HP: 55/55 MP: 9/9
  3487 | D:4      | Noticed Menkaure
  3522 | D:4      | Killed Menkaure
  3903 | D:5      | Entered Level 5 of the Dungeon
  3916 | D:5      | Noticed Duvessa
  3918 | D:5      | Noticed Dowan
  3942 | D:5      | Killed Dowan
  4030 | D:5      | Killed Duvessa
  4030 | D:5      | Reached skill level 5 in Fighting
  4139 | D:4      | Slain by an ice beast

Levels and vault maps discovered:
D:1:      dpeg_arrival_boxorama, layout_basic
D:2:      layout_basic, kennysheep_slug_shrine
D:3:      layout_loops_ring, chequers_ecumenical_altar_grove,
          columned_hall_lemuel, kennysheep_flooded_box, uniq_ijyb, uniq_jessica
D:4:      layout_loops_corners, temple_fountains, first_ration, uniq_menkaure
D:5:      layout_gridville, serial_shops, shop, uniq_duvessa
Temple:   kb_temple_of_zot

Skill      XL: |  1  2  3  4  5  6  7 |
---------------+----------------------+-----
Dodging        | 1 2 3 4 |  4.4
Stealth        | 2 |  2.3
Evocations     | 1 2 3 4 |  4.1
Fighting       | 4 5 |  5.0
Crossbows      | 2 3 |  3.5
Throwing       | |  1.0
Armour         | |  1.0
Spellcasting   | |  1.8
Summonings     | |  1.0
Transmutations | |  1.3

Action                   |  1- 3 |  4- 6 |  7- 9 || total
-------------------------+-------+-------+-------++-------
Melee: Dagger            |       |       |     4 ||     4
 Fire: Hand crossbow     |    51 |   110 |    50 ||   211
  Use: Scroll            |       |     8 |     3 ||    11
       Potion            |       |       |     3 ||     3
  Eat: Chunk             |     1 |     2 |     3 ||     6
       Ration            |       |     1 |       ||     1
Armor: Robe              |     2 |     3 |       ||     5
       Scale mail        |       |     4 |    10 ||    14
       Skin              |       |       |     3 ||     3
Dodge: Dodged            |    10 |    19 |    33 ||    62
Block: Buckler           |       |     3 |     8 ||    11
